 Dungeon Crawl Stone Soup version 0.28-a0-834-g1a73be5ee4 (webtiles) character file.

Game seed: 2945832894055485980

624 quinnr the Gusty (level 7, 0/40 HPs)
             Began as a Tengu Air Elementalist on Nov 12, 2021.
             Slain by a centaur zombie (1 damage)
             ... in an ossuary.
             The game lasted 00:12:24 (4894 turns).

quinnr the Gusty (Tengu Air Elementalist)           Turns: 4894, Time: 00:12:25

Health: 0/40       AC:  2    Str:  9    XL:     7   Next: 47%
Magic:  0/14       EV: 19    Int: 17    God:
Gold:   90         SH:  0    Dex: 14    Spells: 4/14 levels left

rFire   . . .      SeeInvis .   (no weapon)
rCold   . . .      Faith    .   (no shield)
rNeg    . . .      Spirit   .   a - +0 robe
rPois   +          Reflect  .   (helmet restricted)
rElec   .          Harm     .   (no cloak)
rCorr   .          Rampage  .   (no gloves)
Will    .....                   (boots unavailable)
Stlth   ++........              (no amulet)
HPRegen 0.13/turn               g - ring of poison resistance {POISON RING}
MPRegen 0.14/turn               j - +4 ring of evasion

@: brilliant, marked, flying quickly and evasively, quick
A: beak, talons 3, nimble flight
a: no special abilities


You were in an ossuary.
You visited 1 branch of the dungeon, and saw 5 of its levels.
You also visited: Ossuary.

You collected 112 gold pieces.
You spent 22 gold pieces at shops.

Inventory:

Missiles
 b - 6 datura-tipped darts
 l - a throwing net (quivered)
Armour
 a - a +0 robe (worn)
Jewellery
 g - a ring of poison resistance (left hand) {POISON RING}
 j - a +4 ring of evasion (right hand)
Scrolls
 e - 2 scrolls of teleportation
 p - a scroll of brand weapon
 q - a scroll of immolation
Potions
 c - 2 potions of degeneration
 n - 2 potions of flight


   Skills:
 - Level 2.0 Fighting
 + Level 3.4 Dodging
 + Level 3.3 Stealth
 - Level 4.0 Spellcasting
 - Level 3.0 Conjurations
 + Level 6.9 Air Magic
 - Level 2.0 Poison Magic


You had 4 spell levels left.
You knew the following spells:

 Your Spells              Type           Power      Damage    Failure   Level
a - Shock                 Conj/Air       100%       1d9       1%          1
b - Mephitic Cloud        Conj/Pois/Air  25%        N/A       10%         3
c - Static Discharge      Conj/Air       30%        N/A       3%          2
d - Airstrike             Air            20%        N/A       9%          4

Your spell library contained the following spells:

 Spells                   Type           Power      Damage    Failure   Level
 Swiftness                Air            40%        N/A       2%          3
 Magic Dart               Conj           80%        1d7       4%          1
 Beastly Appendage        Tmut           10%        N/A       16%         1
 Call Imp                 Summ           5%         N/A       24%         2
 Wereblood                Tmut           5%         N/A       24%         2
 Spider Form              Tmut/Pois      10%        N/A       30%         3


Dungeon Overview and Level Annotations

Branches:
Dungeon (5/15)             Temple (0/1) D:5         Ossuary (1/1)

Altars:

Shops:
D:1 ?


Innate Abilities, Weirdness & Mutations

You have a beak for a mouth.
You have claws for feet.
Your magical nature lets you fly swiftly and evasively.


Message History

The hobgoblin zombie is heavily damaged.
You are struck by an arc of lightning.
* * * LOW HITPOINT WARNING * * *
The hobgoblin zombie is struck by an arc of lightning.
You destroy the hobgoblin zombie!
The lightning grounds out.
The centaur zombie completely misses you.
The centaur zombie kicks you.
* * * LOW HITPOINT WARNING * * *
Unknown command.
Unknown command.
Unknown command.
Casting: Static Discharge (safe; 3% risk of failure)
Confirm with . or Enter, or press ? or * to list all spells.
You feel a surge of power!
The centaur zombie is struck by an arc of lightning.
The centaur zombie is severely damaged.
The lightning grounds out.
The centaur zombie barely misses you.
The centaur zombie misses you. x3; The centaur zombie closely misses you. x2
The centaur zombie misses you. x2
Unknown command.
Unknown command.
Unknown command.
Casting: Static Discharge (safe; 3% risk of failure)
Confirm with . or Enter, or press ? or * to list all spells.
You feel a surge of power!
The centaur zombie is struck by an arc of lightning.
The centaur zombie is severely damaged.
The centaur zombie is struck by an arc of lightning.
The centaur zombie is lightly damaged.
The lightning grounds out.
The centaur zombie is struck by an arc of lightning!
The centaur zombie is moderately damaged.
You are struck by an arc of lightning.
* * * LOW HITPOINT WARNING * * *
The centaur zombie is struck by an arc of lightning.
The centaur zombie is heavily damaged.
The lightning grounds out.
The centaur zombie closely misses you. x2
The centaur zombie hits you.
You die...

##∩##
##...##
##.....##
#!.....?#
#?.....?#
#?....M?#
#......!#
##.^^ZZ##
##....@##
#....ZZ.#
##^...Z##
#.......#
##...Z^##
#.MZ^...#
##..^.^##
#.....^.#
##.....##


You could see 2 mummies, 2 hobgoblin zombies and 5 centaur zombies.

Vanquished Creatures
  An orc warrior (D:5)
  A water moccasin zombie (D:3)
  2 bullfrog skeletons (D:4)
  A gnoll shaman (D:4)
  An orc priest (D:5)
  2 hounds (D:4)
  4 mummies
  12 gnolls
  2 adders
  An ufetubus (D:4)
  A worm (D:2)
  A dart slug (D:2)
  3 orcs
  7 ball pythons
  5 endoplasms
  9 giant cockroaches
  11 goblins
  7 hobgoblins
  3 jackals (D:1)
  4 quokkas
  6 bats
  5 frilled lizards
  2 hobgoblin zombies (Ossuary)
  11 kobolds
  2 rats
104 creatures vanquished.

Notes
Turn   | Place    | Note
-------+----------+-------------------------------------------
     0 | D:1      | quinnr the Tengu Air Elementalist began the quest for the
                  | Orb.
     0 | D:1      | Reached XP level 1. HP: 10/10 MP: 4/4
   104 | D:1      | Reached XP level 2. HP: 10/15 MP: 0/6
   320 | D:1      | Reached skill level 5 in Air Magic
   673 | D:1      | Reached XP level 3. HP: 19/19 MP: 5/7
  1025 | D:1      | Found Jedevofe's Magic Scroll Boutique.
  1033 | D:1      | Bought a scroll of identify for 22 gold pieces
  1529 | D:2      | Found a faded altar of an unknown god.
  1646 | D:2      | Reached skill level 6 in Air Magic
  1993 | D:2      | Reached XP level 4. HP: 24/24 MP: 2/8
  2262 | D:2      | Learned a level 3 spell: Mephitic Cloud
  2527 | D:3      | Reached skill level 1 in Poison Magic
  2625 | D:3      | Gained mutation: Your magical nature lets you fly swiftly
                  | and evasively. [Tengu growth]
  2625 | D:3      | Reached XP level 5. HP: 10/28 MP: 0/10
  3074 | D:3      | Learned a level 2 spell: Static Discharge
  3600 | D:4      | Reached XP level 6. HP: 23/32 MP: 7/13
  3649 | D:3      | Learned a level 4 spell: Airstrike
  4217 | D:4      | Reached skill level 1 in Fighting
  4468 | D:4      | Reached XP level 7. HP: 38/38 MP: 9/14
  4667 | D:5      | Entered Level 5 of the Dungeon
  4756 | D:5      | HP: 2/38 [orc warrior (8)]
  4808 | D:5      | Found a sand-covered staircase.
  4845 | Ossuary  | Entered an ossuary
  4892 | Ossuary  | HP: 4/40 [centaur zombie (1)]
  4894 | Ossuary  | HP: 1/40 [/static electricity (4)]
  4894 | Ossuary  | Slain by a centaur zombie

Illustrated notes

Levels and vault maps discovered:
D:1:      nicolae_arrival_washed_ashore, layout_basic, serial_shops, shop,
          kennysheep_small_spiral, hangedman_decor_riveting
D:2:      layout_basic, hellmonk_ecumenical_altar_prayer_group,
          minmay_worlds_worst_comb
D:3:      layout_basic, st_stairs_10, minmay_vboxes
D:4:      layout_basic
D:5:      minmay_polygon_palace, layout_basic, minmay_temple_entry_glassed_door,
          gup_sewer_entry_bubbles, gup_ossuary_entry_pyramid, uniq_edmund
Ossuary:  ossuary_the_hunt_dpeg

Skill      XL: |  1  2  3  4  5  6  7 |
---------------+----------------------+-----
Air Magic      | 5 6 |  6.9
Conjurations   | 2 3 |  3.0
Poison Magic   | 2 |  2.0
Spellcasting   | 3 4 |  4.0
Fighting       | 1 2 |  2.0
Dodging        | 3 |  3.4
Stealth        | 3 |  3.3

Action                   |  1- 3 |  4- 6 |  7- 9 || total
-------------------------+-------+-------+-------++-------
Melee: Unarmed           |     4 |     7 |       ||    11
       Kick              |     1 |     2 |       ||     3
       Peck              |       |     2 |       ||     2
Throw: Throwing net      |       |       |     2 ||     2
 Cast: Shock             |    97 |   118 |    15 ||   230
       Static Discharge  |       |     6 |    11 ||    17
       Mephitic Cloud    |       |     2 |       ||     2
       Airstrike         |       |       |     3 ||     3
  Use: Scroll            |     3 |       |     6 ||     9
       Potion            |       |       |     5 ||     5
Armor: Robe              |     2 |     4 |     4 ||    10
Dodge: Dodged            |     9 |    21 |    79 ||   109

Table legend: (Time is in decaauts)
 A = Elapsed time spent in this place.
 B = Non-inter-level travel time spent in this place.
 C = Inter-level travel time spent in this place.
 D = Time resting spent in this place.
 E = Time spent auto-exploring this place.
 F = Levels seen in this place.
 G = Mean time per level.
                   A        B        C        D        E       F      G
               +--------+--------+--------+--------+--------+-----+--------+
         Total |   4765 |   4443 |    322 |    818 |   2913 |   6 |  794.2 |
       Dungeon |   4720 |   4398 |    322 |    818 |   2913 |   5 |  944.0 |
       Ossuary |     45 |     45 |      0 |      0 |      0 |   1 |   45.0 |
               +--------+--------+--------+--------+--------+-----+--------+

Top non-repeatable levels by time:
     D:1: 1364 daAuts
     D:2: 1299 daAuts
     D:3: 958 daAuts
     D:4: 949 daAuts
     D:5: 148 daAuts
 Ossuary: 45 daAuts
